EL
JACKSON GENERALS @ CORPUS CHRISTI HOOKS
09/02/2047
 
TOP OF THE 1ST
Jackson Generals batting - Pitching for Corpus Christi Hooks : RHP Scott Spillman
Pitching: RHP Scott Spillman
Batting: RHB Mike Conaway 0-0: Ball
1-0: Ball
2-0: Bunt missed!
2-1: Called Strike
2-2: Reached on error, E6 (Groundball, 6, EV 105.0 MPH)
Batting: RHB Zach Downs 0-0: Called Strike
0-1: Ball
1-1: Foul Ball, location: 2F
1-2: Ball
2-2: Ball
3-2: SINGLE (Groundball, 56D, EV 106.9 MPH)
Mike Conaway to second
Mike Conaway to third
Batting: LHB Taki Matsui 0-0: Foul Ball, location: 2F
0-1: Ball
1-1: Fielders Choice at 2nd, 4-6 (Groundball, 4D, EV 102.5 MPH)
Mike Conaway scores
Batting: RHB Chris Olheiser 0-0: Swinging Strike
0-1: Ball
1-1: Foul Ball, location: 2F
1-2: Strikes out swinging
Batting: RHB Enrique Valdez 0-0: Fielders Choice at 2nd, 5-4 (Groundball, 56, EV 86.9 MPH)
Top of the 1st over - 1 run, 1 hit, 1 error, 1 left on base; Jackson 1 - Corpus Christi 0
BOTTOM OF THE 1ST
Corpus Christi Hooks batting - Pitching for Jackson Generals : LHP Matt Lee
Pitching: LHP Matt Lee
Batting: RHB Edgar Trejo 0-0: Ball
1-0: Fly out, F8 (Flyball, 89D, EV 78.1 MPH)
Batting: RHB Nick Deegan 0-0: Ball
1-0: Swinging Strike
1-1: Ball
2-1: Ball
3-1: Foul Ball, location: 2F
3-2: Foul Ball, location: 2F
3-2: Base on Balls
Batting: RHB Elijah Hunter 0-0: Ball
1-0: Ball
Pickoff Throw by Catcher to First - Out!
2-0: Called Strike
2-1: Swinging Strike
2-2: Foul Ball, location: 2F
2-2: Foul Ball, location: 2F
2-2: Ground out 4-3 (Groundball, 4, EV 102.5 MPH)
Bottom of the 1st over - 0 runs, 0 hits, 0 errors, 0 left on base; Jackson 1 - Corpus Christi 0
TOP OF THE 2ND
Jackson Generals batting - Pitching for Corpus Christi Hooks : RHP Scott Spillman
Batting: LHB Brent Dutcher 0-0: Called Strike
0-1: Foul Ball, location: 2F
0-2: Strikes out looking
Batting: RHB Ivan Davila 0-0: Foul Ball, location: 2F
0-1: Called Strike
0-2: Ball
1-2: SINGLE (Groundball, 56D, EV 104.4 MPH)
Batting: RHB Jesus Santiago 0-0: Called Strike
0-1: Swinging Strike
0-2: Ball
1-2: Strikes out looking
Batting: LHB Josh Gottlieb 0-0: Called Strike
0-1: Ground out 4-3 (Groundball, 4D, EV 109.4 MPH)
Top of the 2nd over - 0 runs, 1 hit, 0 errors, 1 left on base; Jackson 1 - Corpus Christi 0
BOTTOM OF THE 2ND
Corpus Christi Hooks batting - Pitching for Jackson Generals : LHP Matt Lee
Batting: RHB Bobby Larson 0-0: SINGLE (Line Drive, 89S, EV 104.4 MPH)
Batting: LHB Josh Birkner 0-0: Called Strike
0-1: Swinging Strike
0-2: Strikes out looking
Batting: RHB Adrian Martinelli 0-0: Called Strike
0-1: Foul Ball, location: 2F
0-2: Ball
1-2: Ball
2-2: Foul Ball, location: 2F
2-2: Foul Ball, location: 2F
2-2: Ball
3-2: Foul Ball, location: 2F
3-2: Strikes out swinging
Batting: RHB Andrew Pride 0-0: Ball
1-0: Ball
2-0: Ball
3-0: Called Strike
3-1: Swinging Strike
3-2: Foul Ball, location: 2F
3-2: SINGLE (Line Drive, 8LS, EV 108.8 MPH)
Bobby Larson to second
Bobby Larson to third
Batting: RHB Masaru Konno 0-0: Ball
1-0: Called Strike
1-1: Swinging Strike
1-2: Strikes out swinging
Bottom of the 2nd over - 0 runs, 2 hits, 0 errors, 2 left on base; Jackson 1 - Corpus Christi 0
TOP OF THE 3RD
Jackson Generals batting - Pitching for Corpus Christi Hooks : RHP Scott Spillman
Batting: RHB Mike Conaway 0-0: Called Strike
0-1: Foul Ball, location: 2F
0-2: Foul Ball, location: 2F
0-2: Foul Ball, location: 2F
0-2: Foul Ball, location: 2F
0-2: Foul Ball, location: 2F
0-2: Ball
1-2: Strikes out swinging
Batting: RHB Zach Downs 0-0: Swinging Strike
0-1: Foul Ball, location: 2F
0-2: Foul Ball, location: 2F
0-2: Ball
1-2: Strikes out swinging
Batting: LHB Taki Matsui 0-0: Ball
1-0: Ball
2-0: Foul Ball, location: 2F
2-1: Called Strike
2-2: Foul Ball, location: 2F
2-2: Ball
3-2: Strikes out swinging
Top of the 3rd over - 0 runs, 0 hits, 0 errors, 0 left on base; Jackson 1 - Corpus Christi 0
BOTTOM OF THE 3RD
Corpus Christi Hooks batting - Pitching for Jackson Generals : LHP Matt Lee
Batting: RHB Sean Mounts 0-0: Ball
1-0: Foul Ball, location: 2F
1-1: Swinging Strike
1-2: Ball
2-2: Strikes out swinging, 2-3 out at first.
Batting: RHB Edgar Trejo 0-0: Called Strike
0-1: Swinging Strike
0-2: Foul Ball, location: 2F
0-2: Ball
1-2: Strikes out swinging
Batting: RHB Nick Deegan 0-0: Called Strike
0-1: Ball
1-1: SINGLE (Line Drive, 7LS, EV 103.1 MPH)
Batting: RHB Elijah Hunter 0-0: Ball
1-0: Swinging Strike
1-1: Ball
2-1: Ball
3-1: Base on Balls
Nick Deegan to second
Batting: RHB Bobby Larson 0-0: Called Strike
0-1: Fielders Choice at 2nd, 5-4 (Groundball, 56, EV 84.4 MPH)
Bottom of the 3rd over - 0 runs, 1 hit, 0 errors, 2 left on base; Jackson 1 - Corpus Christi 0
TOP OF THE 4TH
Jackson Generals batting - Pitching for Corpus Christi Hooks : RHP Scott Spillman
Batting: RHB Chris Olheiser 0-0: Called Strike
0-1: Ball
1-1: Ball
2-1: Swinging Strike
2-2: Strikes out swinging
Batting: RHB Enrique Valdez 0-0: Ball
1-0: Called Strike
1-1: Swinging Strike
1-2: Ball
2-2: Hit by Pitch
Batting: LHB Brent Dutcher 0-0: Fielders Choice at 2nd, 6-4 (Groundball, 6M, EV 91.9 MPH)
Batting: RHB Ivan Davila 0-0: Called Strike
0-1: Ball
Passed Ball!
Brent Dutcher to second
1-1: Ground out 6-3 (Groundball, 6MS, EV 91.9 MPH)
Top of the 4th over - 0 runs, 0 hits, 0 errors, 1 left on base; Jackson 1 - Corpus Christi 0
BOTTOM OF THE 4TH
Corpus Christi Hooks batting - Pitching for Jackson Generals : LHP Matt Lee
Batting: LHB Josh Birkner 0-0: Called Strike
0-1: Ball
1-1: Ball
2-1: Swinging Strike
2-2: Strikes out swinging, 2-3 out at first.
Batting: RHB Adrian Martinelli 0-0: Ball
1-0: Fly out, F8 (Flyball, 78M, EV 90.0 MPH)
Batting: RHB Andrew Pride 0-0: Foul Ball, location: 2F
0-1: Ground out 6-3 (Groundball, 6, EV 83.1 MPH)
Bottom of the 4th over - 0 runs, 0 hits, 0 errors, 0 left on base; Jackson 1 - Corpus Christi 0
TOP OF THE 5TH
Jackson Generals batting - Pitching for Corpus Christi Hooks : RHP Scott Spillman
Batting: RHB Jesus Santiago 0-0: Called Strike
0-1: Foul Ball, location: 2F
0-2: Ball
1-2: Strikes out looking
Batting: LHB Josh Gottlieb 0-0: Called Strike
0-1: Swinging Strike
0-2: Ground out 6-3 (Groundball, 6, EV 87.5 MPH)
Batting: RHB Mike Conaway 0-0: SINGLE (Groundball, 34D, EV 106.9 MPH)
Batting: RHB Zach Downs Pickoff Play to 1st, Runner tries for 2nd, OUT after rundown.
Top of the 5th over - 0 runs, 1 hit, 0 errors, 0 left on base; Jackson 1 - Corpus Christi 0
BOTTOM OF THE 5TH
Corpus Christi Hooks batting - Pitching for Jackson Generals : LHP Matt Lee
Batting: RHB Masaru Konno 0-0: Called Strike
0-1: Ball
1-1: Called Strike
1-2: Foul Ball, location: 2F
1-2: Strikes out swinging
Batting: RHB Sean Mounts 0-0: Called Strike
0-1: Foul Ball, location: 2F
0-2: Ball
1-2: Foul Ball, location: 2F
1-2: Ball
2-2: Strikes out swinging
Batting: RHB Edgar Trejo 0-0: Fly out, F6 (Popup, 4M, EV 53.8 MPH)
Bottom of the 5th over - 0 runs, 0 hits, 0 errors, 0 left on base; Jackson 1 - Corpus Christi 0
TOP OF THE 6TH
Jackson Generals batting - Pitching for Corpus Christi Hooks : RHP Scott Spillman
Batting: RHB Zach Downs 0-0: Ground out 6-3 (Groundball, 6, EV 80.6 MPH)
Batting: LHB Taki Matsui 0-0: Ball
1-0: Foul Ball, location: 2F
1-1: Ball
2-1: Ground out 5-3 (Groundball, 6, EV 85.6 MPH)
Batting: RHB Chris Olheiser 0-0: Ground out U3 (Groundball, 34, EV 87.5 MPH)
Top of the 6th over - 0 runs, 0 hits, 0 errors, 0 left on base; Jackson 1 - Corpus Christi 0
BOTTOM OF THE 6TH
Corpus Christi Hooks batting - Pitching for Jackson Generals : LHP Matt Lee
Batting: RHB Nick Deegan 0-0: Ball
1-0: Foul Ball, location: 2F
1-1: Ball
2-1: Ball
3-1: Base on Balls
Batting: RHB Elijah Hunter 0-0: Ball
1-0: DOUBLE (Line Drive, 78D, EV 107.5 MPH)
Nick Deegan to third
Runner from 3rd tries for Home, SAFE, no throw by CF
Batting: RHB Bobby Larson 0-0: Intentional Walk
Batting: LHB Josh Birkner 0-0: Ball
1-0: Ball
2-0: Foul Ball, location: 2F
2-1: Foul Ball, location: 2F
2-2: Fly out, F9 (Line Drive, 9D, EV 98.1 MPH)
Runner from 2nd tags up, SAFE at 3rd, no throw by RF
Pitching: RHP Ian Gaines
Batting: RHB Adrian Martinelli 0-0: Foul Ball, location: 2F
0-1: Grounds into double play, 4-6-3 (Groundball, 34, EV 97.5 MPH)
Bottom of the 6th over - 1 run, 1 hit, 0 errors, 1 left on base; Jackson 1 - Corpus Christi 1
TOP OF THE 7TH
Jackson Generals batting - Pitching for Corpus Christi Hooks : RHP Scott Spillman
Batting: RHB Enrique Valdez 0-0: Ball
1-0: Ball
2-0: Called Strike
2-1: Foul Ball, location: 2F
2-2: Strikes out swinging
Pitching: LHP Mike Holloway
Batting: LHB Brent Dutcher 0-0: Ball
1-0: Ground out 5-3 (Groundball, 5, EV 101.2 MPH)
Batting: RHB Ivan Davila 0-0: Called Strike
0-1: Ball
1-1: Ball
2-1: Foul Ball, location: 2F
2-2: Strikes out swinging
Top of the 7th over - 0 runs, 0 hits, 0 errors, 0 left on base; Jackson 1 - Corpus Christi 1
BOTTOM OF THE 7TH
Corpus Christi Hooks batting - Pitching for Jackson Generals : RHP Ian Gaines
Batting: RHB Andrew Pride 0-0: Ball
1-0: Swinging Strike
1-1: Ball
2-1: Foul Ball, location: 2F
2-2: SINGLE (Groundball, 56D, EV 97.5 MPH)
Batting: RHB Masaru Konno 0-0: Ball
1-0: Foul Ball, location: 2F
1-1: Foul Ball, location: 2F
1-2: Fly out, F8 (Flyball, 8LD, EV 103.8 MPH)
Batting: RHB Sean Mounts 0-0: Called Strike
0-1: Ball
1-1: Ball
2-1: Ball
3-1: Foul Ball, location: 2F
3-2: Grounds into double play, 6-4-3 (Groundball, 56, EV 88.8 MPH)
Bottom of the 7th over - 0 runs, 1 hit, 0 errors, 0 left on base; Jackson 1 - Corpus Christi 1
TOP OF THE 8TH
Jackson Generals batting - Pitching for Corpus Christi Hooks : LHP Mike Holloway
Batting: RHB Jesus Santiago 0-0: Ball
1-0: Foul Ball, location: 2F
1-1: Ball
2-1: Ball
3-1: Called Strike
3-2: Foul Ball, location: 2F
3-2: SINGLE (Groundball, 34D, EV 101.9 MPH)
Batting: LHB Josh Gottlieb 0-0: Bunt missed!
0-1: Bunted foul
0-2: Ground out 5-3 (Groundball, 56, EV 80.0 MPH)
Jesus Santiago to second
Batting: RHB Mike Conaway 0-0: Ball
1-0: Called Strike
1-1: Hit by Pitch
Pinch Runner at 2nd Ryan Criollo:
Batting: RHB Zach Downs 0-0: Ball
1-0: Ball
2-0: Ball
3-0: Called Strike
3-1: Base on Balls
Ryan Criollo to third
Mike Conaway to second
Batting: LHB Taki Matsui 0-0: Swinging Strike
0-1: Called Strike
0-2: Strikes out swinging
Batting: RHB Chris Olheiser 0-0: Called Strike
0-1: Foul Ball, location: 2F
0-2: Ball
1-2: Strikes out swinging
Top of the 8th over - 0 runs, 1 hit, 0 errors, 3 left on base; Jackson 1 - Corpus Christi 1
BOTTOM OF THE 8TH
Corpus Christi Hooks batting - Pitching for Jackson Generals : RHP Ian Gaines
Batting: RHB Edgar Trejo 0-0: Called Strike
0-1: Foul Ball, location: 2F
0-2: Ball
1-2: Ball
2-2: Foul Ball, location: 2F
2-2: Foul Ball, location: 2F
2-2: Ground out U3 (Groundball, 34, EV 85.6 MPH)
Batting: RHB Nick Deegan 0-0: Ball
1-0: Ball
2-0: Ball
3-0: Called Strike
3-1: Reached on error, E4 (Groundball, 4, EV 80.0 MPH)
Batting: RHB Elijah Hunter 0-0: Called Strike
0-1: Ball
1-1: Ball
2-1: Foul Ball, location: 2F
2-2: Ball
3-2: Foul Ball, location: 2F
3-2: Foul Ball, location: 2F
3-2: Fly out, F9 (Flyball, 89S, EV 91.9 MPH)
Batting: RHB Bobby Larson 0-0: Called Strike
0-1: Ball
1-1: Ball
2-1: Foul Ball, location: 2F
2-2: Foul Ball, location: 2F
2-2: Ball
3-2: Foul Ball, location: 2F
3-2: Base on Balls
Pitching: RHP Rob Henry
Batting: LHB Josh Birkner 0-0: Foul Ball, location: 2F
0-1: Ball
1-1: Ball
2-1: Fly out, F8 (Line Drive, 8LD, EV 109.4 MPH)
Bottom of the 8th over - 0 runs, 0 hits, 1 error, 2 left on base; Jackson 1 - Corpus Christi 1
TOP OF THE 9TH
Jackson Generals batting - Pitching for Corpus Christi Hooks : LHP Mike Holloway
Pitching: RHP Calisto Morda
Batting: RHB Enrique Valdez 0-0: Called Strike
0-1: Ground out 3-1 (Groundball, 34, EV 86.2 MPH)
Batting: LHB Brent Dutcher 0-0: Called Strike
0-1: SINGLE (Groundball, 4S, EV 67.5 MPH) (infield hit)
Batting: RHB Ivan Davila 0-0: Ball
1-0: Grounds into double play, 6-4-3 (Groundball, 6, EV 81.2 MPH)
Top of the 9th over - 0 runs, 1 hit, 0 errors, 0 left on base; Jackson 1 - Corpus Christi 1
BOTTOM OF THE 9TH
Corpus Christi Hooks batting - Pitching for Jackson Generals : RHP Rob Henry
Pitching: RHP Willie Sanchez
Batting: RHB Adrian Martinelli 0-0: Foul Ball, location: 2F
0-1: Ball
1-1: Foul Ball, location: 2F
1-2: Strikes out swinging
Batting: RHB Andrew Pride 0-0: Foul Ball, location: 2F
0-1: Swinging Strike
0-2: Ball
1-2: Foul Ball, location: 2F
1-2: DOUBLE (Flyball, 78XD, EV 103.8 MPH)
Batting: RHB Masaru Konno 0-0: Called Strike
0-1: Foul Ball, location: 2F
0-2: Strikes out swinging
Batting: RHB Sean Mounts 0-0: Called Strike
0-1: Ground out 1-3 (Groundball, P, EV 61.9 MPH)
Bottom of the 9th over - 0 runs, 1 hit, 0 errors, 1 left on base; Jackson 1 - Corpus Christi 1
TOP OF THE 10TH
Jackson Generals batting - Pitching for Corpus Christi Hooks : RHP Calisto Morda
Batting: RHB Ryan Criollo 0-0: Called Strike
0-1: Ball
1-1: Called Strike
1-2: Ball
2-2: SINGLE (Groundball, 34D, EV 100.0 MPH)
Batting: LHB Josh Gottlieb 0-0: Called Strike
0-1: Bunt missed!
0-2: Ball
Wild Pitch!
Ryan Criollo to second
1-2: Ball
2-2: Foul Ball, location: 2F
2-2: Ball
3-2: SINGLE (Groundball, 4D, EV 108.1 MPH)
Ryan Criollo to third
Batting: RHB Mike Conaway 0-0: Swinging Strike
0-1: Swinging Strike
0-2: Ball
1-2: Strikes out swinging
Batting: RHB Zach Downs 0-0: Ball
1-0: Foul Ball, location: 2F
1-1: Swinging Strike
1-2: Strikes out swinging
Batting: LHB Taki Matsui 0-0: Fly out, F8 (Flyball, 8LD, EV 93.1 MPH)
Top of the 10th over - 0 runs, 2 hits, 0 errors, 2 left on base; Jackson 1 - Corpus Christi 1
BOTTOM OF THE 10TH
Corpus Christi Hooks batting - Pitching for Jackson Generals : RHP Willie Sanchez
Batting: RHB Edgar Trejo 0-0: Ball
1-0: Fly out, F9 (Flyball, 89S, EV 93.1 MPH)
Batting: RHB Nick Deegan 0-0: Foul Ball, location: 2F
0-1: Foul Ball, location: 2F
0-2: Ball
1-2: Ball
2-2: Ground out 5-3 (Groundball, 56, EV 85.0 MPH)
Batting: RHB Elijah Hunter 0-0: Foul Ball, location: 2F
0-1: Ball
1-1: Swinging Strike
1-2: SINGLE (Groundball, 6S, EV 69.4 MPH) (infield hit)
Batting: RHB Bobby Larson 0-0: Ball
Pickoff Throw by Catcher to First - Out!
Bottom of the 10th over - 0 runs, 1 hit, 0 errors, 0 left on base; Jackson 1 - Corpus Christi 1
TOP OF THE 11TH
Jackson Generals batting - Pitching for Corpus Christi Hooks : RHP Calisto Morda
Pitching: RHP Jayson Campbell
Batting: RHB Chris Olheiser 0-0: Called Strike
0-1: Ground out 5-3 (Groundball, 5S, EV 72.5 MPH)
Batting: RHB Enrique Valdez 0-0: Ball
1-0: Ball
2-0: Fly out, F7 (Line Drive, 78M, EV 95.6 MPH)
Batting: LHB Brent Dutcher 0-0: Ball
1-0: Ball
2-0: Ball
3-0: Base on Balls
Batting: RHB Ivan Davila 0-0: Called Strike
0-1: Fielders Choice at 2nd, 5-4 (Groundball, 5, EV 85.0 MPH)
Top of the 11th over - 0 runs, 0 hits, 0 errors, 1 left on base; Jackson 1 - Corpus Christi 1
BOTTOM OF THE 11TH
Corpus Christi Hooks batting - Pitching for Jackson Generals : RHP Willie Sanchez
Batting: RHB Bobby Larson 0-0: Foul Ball, location: 2F
0-1: DOUBLE (Flyball, 8LXD, EV 105.0 MPH)
Batting: LHB Josh Birkner 0-0: Intentional Walk
Pinch Runner at 2nd Jorge Gutierrez:
Batting: RHB Adrian Martinelli 0-0: 3-RUN HOME RUN (Flyball, 7D, EV 96.9 MPH), Distance : 361 ft
Bottom of the 11th over - 3 runs, 2 hits, 0 errors, 0 left on base; Jackson 1 - Corpus Christi 4
Thursday, December 15th , 2022 - OOTP Baseball 23.9 Build 102